 Dungeon Crawl Stone Soup version 0.29.1-12-g30fa7ad0bf (webtiles) character file.

Game seed: 6756978147064459428

56 croobank the Nimble (level 3, -2/31 HPs)
             Began as a Gnoll Wanderer on Jan 3, 2023.
             Slain by a nameless horror (12 damage)
             ... created by miscasting Call Canine Familiar
             ... on level 2 of the Dungeon.
             The game lasted 00:15:04 (1671 turns).

croobank the Nimble (Gnoll Wanderer)                Turns: 1671, Time: 00:15:04

Health: -2/31      AC:  4    Str: 10    XL:     3   Next: 97%
Magic:  0/7        EV: 15    Int: 12    God:
Gold:   132        SH:  0    Dex: 13    Spells: 3/7 levels left

rFire   . . .      SeeInvis .   a - +0 dagger
rCold   . . .      Faith    .   (no shield)
rNeg    . . .      Spirit   .   e - +0 leather armour
rPois   .          Reflect  .   (no helmet)
rElec   .          Harm     .   (no cloak)
rCorr   .          Rampage  .   (no gloves)
Will    .....                   h - +0 pair of boots
Stlth   +.........              (no amulet)
HPRegen 0.10/turn               (no ring)
MPRegen 0.10/turn               (no ring)

@: very slightly contaminated
A: fangs 1, strong nose, distributed training
a: no special abilities


You were on level 2 of the Dungeon.
You visited 1 branch of the dungeon, and saw 3 of its levels.

You collected 132 gold pieces.

Inventory:

Hand Weapons
 a - a +0 dagger (weapon)
 n - a +3 sling
Missiles
 b - 4 throwing nets (quivered)
Armour
 e - a +0 leather armour (worn)
 h - a +0 pair of boots (worn)
 m - a +0 ring mail
Scrolls
 f - a scroll of butterflies
 l - a scroll of noise
 o - a scroll of teleportation
 q - 3 scrolls of poison
 s - a scroll of fear {unknown}
 t - a scroll of enchant weapon {unknown}
Potions
 c - a potion of lignification
 d - a potion of berserk rage
 g - a potion of brilliance {unknown}
 i - a potion of invisibility {unknown}
 j - a potion of heal wounds {unknown}
 k - a potion of might {unknown}
 p - a potion of mutation {unknown}
 r - a potion of curing {unknown}
 u - 2 potions of attraction {unknown}


   Skills:
 + Level 4.6 Fighting
 + Level 1.0 Short Blades
 + Level 1.0 Long Blades
 + Level 1.0 Axes
 + Level 1.0 Maces & Flails
 + Level 1.0 Polearms
 + Level 1.0 Staves
 + Level 1.0 Ranged Weapons
 + Level 1.0 Throwing
 + Level 2.7 Armour
 + Level 8.5 Dodging
 + Level 1.0 Stealth
 + Level 1.0 Shields
 + Level 1.0 Unarmed Combat
 + Level 2.9 Spellcasting
 + Level 0.7 Conjurations
 + Level 0.7 Hexes
 + Level 3.8 Summonings
 + Level 0.7 Necromancy
 + Level 0.7 Translocations
 + Level 0.7 Transmutations
 + Level 0.7 Fire Magic
 + Level 0.7 Ice Magic
 + Level 0.7 Air Magic
 + Level 0.7 Earth Magic
 + Level 0.7 Poison Magic
 + Level 1.1 Invocations
 + Level 1.0 Evocations


You had 3 spell levels left.
You knew the following spells:

 Your Spells              Type           Power      Damage    Failure   Level
a - Summon Small Mammal   Summ           40%        N/A       7%          1
c - Call Canine Familiar  Summ           10%        N/A       21%         3

Your spell library contained the following spells:

 Spells                   Type           Power      Damage    Failure   Level
 Ensorcelled Hibernation  Hex/Ice        6%         N/A       36%         2
 Dazzling Flash           Conj/Hex       6%         N/A       58%         3
 Spider Form              Tmut/Pois      3%         N/A       58%         3
 Anguish                  Hex/Necr       1%         N/A       94%         4
 Agony                    Necr           3%         N/A       100%        5
 Silence                  Hex/Air        1%         N/A       100%        5


Dungeon Overview and Level Annotations

Branches:
Dungeon (3/15)

Altars:


Innate Abilities, Weirdness & Mutations

You have very sharp teeth.
Your uncanny sense of smell can sniff out nearby items.
Your experience applies equally to all skills.


Message History

Your hound bites the nameless horror but does no damage.
Your bat barely misses the orc.
The orc priest begins to cast a cantrip, but forgets the words!
Casting: Summon Small Mammal (safe; 7% risk of failure)
Confirm with . or Enter, or press ? or * to list all spells.
You don't have enough magic to cast this spell.
You hit the nameless horror but do no damage.
You bite the nameless horror, but do no damage.
Your bat hits the orc.
Your hound bites the nameless horror but does no damage.
The nameless horror hits you.
Your hound bites the nameless horror.
You hit the nameless horror but do no damage.
The nameless horror is lightly damaged.
Your bat hits the goblin. The nameless horror hits you.
Your hound bites the nameless horror but does no damage.
The orc hits you with a +0 short sword.
The orc priest begins to cast a cantrip, but forgets the words!
You hit the nameless horror but do no damage.
The nameless horror is lightly damaged.
Your bat misses the goblin.
Your hound completely misses the nameless horror.
The nameless horror misses you. The orc completely misses you.
The goblin hits you with a +0 dagger.
You hit the nameless horror but do no damage.
The nameless horror is lightly damaged.
Your bat hits the goblin. The nameless horror barely misses you.
Your hound bites the nameless horror.
The goblin hits you with a +0 dagger.
An endoplasm comes into view.
You hit the nameless horror but do no damage.
The nameless horror is moderately damaged.
Your hound bites the nameless horror but does no damage.
The quokka twitches its whiskers.
The nameless horror hits you. The goblin hits you but does no damage.
Your hound bites the nameless horror but does no damage.
The orc hits you with a +0 short sword.
Your bat hits the orc.
You hit the nameless horror but do no damage.
The nameless horror is moderately damaged.
Your bat hits the orc. The quokka barely misses you.
The nameless horror hits you!
You die...

#.......# #.......#
.#.......## ...........
#J......# #oo.....#
#rg.b...# ∆ #@o.....#
#Xh.....# #.......###
#########.........##
#...............#..## ∆
#...........###.....#####
#......†....# #.........#
#...........#
#.....###.##
#...........# #.....#
#.#.


You could see a nameless horror (ally target), an orc priest, 2 orcs, an
endoplasm, a quokka, a goblin, a friendly hound (summoned) and a friendly bat
(summoned).

Vanquished Creatures
  3 dart slugs (D:1)
  2 endoplasms
  A giant cockroach (D:1)
  4 goblins (D:1)
  2 jackals (D:1)
  A kobold (D:2)
  A quokka (D:1)
  2 bats (D:1)
  4 frilled lizards
  4 rats (D:1)
24 creatures vanquished.

Vanquished Creatures (collateral kills)
  A worm (D:2)
  3 ball pythons
  An endoplasm (D:1)
  2 giant cockroaches
  2 goblins
  2 hobgoblins (D:2)
  A jackal (D:1)
  3 kobolds
  A bat (D:1)
  A frilled lizard (D:2)
  A rat (D:1)
18 creatures vanquished.

Vanquished Creatures (others)
  2 endoplasms (D:2)
2 creatures vanquished.

Grand Total: 44 creatures vanquished

Notes
Turn   | Place    | Note
-------+----------+-------------------------------------------
     0 | D:1      | croobank the Gnoll Wanderer began the quest for the Orb.
     0 | D:1      | croobank set off with the following items: a +0 dagger, 4
                  | throwing nets, a potion of lignification, a potion of
                  | berserk rage, a +0 leather armour; and the following spell
                  | memorised: Summon Small Mammal; and the following spells
                  | available to memorise: Call Canine Familiar.
     0 | D:1      | Reached XP level 1. HP: 20/20 MP: 4/4
    76 | D:1      | Reached XP level 2. HP: 20/26 MP: 2/5
   718 | D:1      | Found a faded altar of an unknown god.
   768 | D:1      | Reached XP level 3. HP: 30/31 MP: 7/7
   803 | D:1      | Learned a level 3 spell: Call Canine Familiar
   937 | D:1      | Reached skill level 1 in Invocations
  1336 | D:2      | Reached skill level 1 in Short Blades
  1336 | D:2      | Reached skill level 1 in Long Blades
  1336 | D:2      | Reached skill level 1 in Axes
  1336 | D:2      | Reached skill level 1 in Maces & Flails
  1336 | D:2      | Reached skill level 1 in Polearms
  1336 | D:2      | Reached skill level 1 in Staves
  1336 | D:2      | Reached skill level 1 in Ranged Weapons
  1336 | D:2      | Reached skill level 1 in Throwing
  1336 | D:2      | Reached skill level 1 in Stealth
  1336 | D:2      | Reached skill level 1 in Shields
  1336 | D:2      | Reached skill level 1 in Unarmed Combat
  1336 | D:2      | Reached skill level 1 in Evocations
  1541 | D:2      | You fall into a shaft and drop 1 floor!
  1662 | D:2      | Noticed a nameless horror
  1671 | D:2      | Slain by a nameless horror

Illustrated notes

Levels and vault maps discovered:
D:1:      dpeg_arrival_connections, layout_rooms,
          hellmonk_ecumenical_altar_defaced_shrine, minmay_pentomino_w4
D:2:      layout_basic, minmay_randomly_rotated_circles
D:3:      layout_loops_cross, serial_shops, nicolae_shop_behind_doors,
          st_stairs_2

Skill      XL: |  1  2  3 |
---------------+----------+-----
Invocations    | 1 |  1.1
Short Blades   | 1 |  1.0
Long Blades    | 1 |  1.0
Axes           | 1 |  1.0
Maces & Flails | 1 |  1.0
Polearms       | 1 |  1.0
Staves         | 1 |  1.0
Ranged Weapons | 1 |  1.0
Throwing       | 1 |  1.0
Stealth        | 1 |  1.0
Shields        | 1 |  1.0
Unarmed Combat | 1 |  1.0
Evocations     | 1 |  1.0
Fighting       | |  4.6
Armour         | |  2.7
Dodging        | |  8.5
Spellcasting   | |  2.9
Conjurations   | |  0.7
Hexes          | |  0.7
Summonings     | |  3.8
Necromancy     | |  0.7
Translocations | |  0.7
Transmutations | |  0.7
Fire Magic     | |  0.7
Ice Magic      | |  0.7
Air Magic      | |  0.7
Earth Magic    | |  0.7
Poison Magic   | |  0.7

Action                   || total
-------------------------++-------
Melee: Dagger            ||   147
       Bite              ||    20
 Cast: Summon Small Mamm ||    25
       Call Canine Famil ||     6
  Use: Scroll            ||     6
 Stab: Distracted        ||     1
       Sleeping          ||     1
Armor: Leather armour    ||    38
Dodge: Dodged            ||   147
